 Dungeon Crawl Stone Soup version 0.20-a0-854-g0cc194a (webtiles) character file.

70028 Alarkh the Carver (level 14, -2/113 HPs)
             Began as a Demonspawn Fighter on Mar 11, 2017.
             Was the Champion of Okawaru.
             Slain by a 13-headed hydra (14 damage)
             ... on level 6 of the Lair of Beasts.
             The game lasted 00:44:22 (21974 turns).

Alarkh the Carver (Demonspawn Fighter)             Turns: 21974, Time: 00:44:23

Health: -2/113     AC: 22    Str: 17    XL:     14   Next: 92%
Magic:  6/6        EV: 14    Int: 20    God:    Okawaru [******]
Gold:   1514       SH: 11    Dex: 12    Spells: 14/19 levels left

rFire    + . .     SeeInvis .   U - +2 double sword (antimagic)
rCold    + . .     Gourm    .   t - +4 troll leather armour
rNeg     + + .     Faith    .   c - +0 shield
rPois    +         Spirit   .   G - +3 helmet of Perfidy {rN+ Int+5}
rElec    .         Reflect  .   m - +2 cloak
rCorr    .         Harm     .   q - +0 pair of gloves
MR       +....                  (no boots)
Stlth    +.........             (no amulet)
Regen    1.7/turn               L - ring of poison resistance
MPRegen  0.1/turn               n - ring of positive energy

@: exhausted, slowed, heavily drained, very slow
A: icy blue scales 3, fire resistance 1, powered by death 2, flame cloud
immunity
a: Heroism, Finesse, Renounce Religion


You were on level 6 of the Lair of Beasts.
You worshipped Okawaru.
Okawaru was exalted by your worship.
You were not hungry.

You visited 4 branches of the dungeon, and saw 20 of its levels.

You collected 2158 gold pieces.
You spent 644 gold pieces at shops.

Inventory:

Hand Weapons
 a - the +10 scimitar of Tirghuhe {slice, *Drain rElec rC+++ MR+}
   (Okawaru gifted it to you on level 11 of the Dungeon)

   It inflicts extra damage upon your enemies.
   It renders you almost immune to cold.
   It insulates you from electricity.
   It affects your resistance to hostile enchantments.
   It causes draining when unequipped.
 b - a +2 demon blade of venom
 U - a +2 antimagic double sword (weapon)
Armour
 c - a +0 shield (worn)
 m - a +2 cloak (worn)
 q - a +0 pair of gloves (worn)
 t - a +4 troll leather armour (worn)
 G - the +3 helmet of Perfidy (worn) {rN+ Int+5}
   (Okawaru gifted it to you on level 4 of the Lair of Beasts)

   It affects your intelligence (+5).
   It protects you from negative energy.
 M - a +2 hat of see invisible
Magical Staves
 x - an uncursed staff of energy
 C - an uncursed staff of conjuration {unknown}
Jewellery
 f - an uncursed ring of protection from cold
 n - a ring of positive energy (left hand)
 p - an uncursed ring of teleportation
 w - an uncursed ring of fire
 z - an uncursed ring of flight
 L - a ring of poison resistance (right hand)
 Q - an uncursed ring of protection from fire
Wands
 s - a wand of confusion (22/48)
 I - a wand of iceblast (7/15)
 O - a wand of paralysis (13/24)
 P - a wand of digging (11/24)
 W - a wand of paralysis (6/24)
Scrolls
 d - 3 scrolls of remove curse
 e - a scroll of identify
 h - 3 scrolls of fog
 i - a scroll of blinking
 l - 2 scrolls of recharging
 o - a scroll of teleportation
 u - 6 scrolls of magic mapping
 F - a scroll of summoning
 S - a scroll of brand weapon {unknown}
Potions
 g - a potion of might
 r - a potion of ambrosia
 B - 3 potions of flight
 D - 3 potions of resistance
 H - 5 potions of curing
 N - a potion of brilliance
 R - a potion of agility
Books
 v - a book of Minor Magic

   Spells                             Type                      Level
   a - Magic Dart                     Conjuration                  1
   b - Blink                          Translocation                2
   c - Call Imp                       Summoning                    2
   d - Slow                           Hexes                        2
   e - Conjure Flame                  Conjuration/Fire             3
   f - Mephitic Cloud                 Conjuration/Poison/Air       3
 y - a book of Maledictions

   Spells                             Type                      Level
   a - Corona                         Hexes                        1
   b - Ensorcelled Hibernation        Hexes/Ice                    2
   c - Confuse                        Hexes                        3
   d - Tukima's Dance                 Hexes                        3
   e - Dazzling Spray                 Conjuration/Hexes            3
Miscellaneous
 j - a sack of spiders
Comestibles
 k - 3 meat rations
 A - 8 bread rations
 E - 8 fruits
 T - 15 chunks of flesh


   Skills:
 + Level 11.0(9.0) Fighting
 * Level 14.1(12.0) Long Blades
 + Level 10.3(8.4) Armour
 + Level 10.0(8.1) Dodging
 + Level 10.4(8.4) Shields
 + Level 3.0(1.4) Spellcasting
 + Level 2.9(1.3) Conjurations


You had 14 spell levels left.
You knew the following spells:

 Your Spells              Type           Power        Failure   Level  Hunger
a - Blink                 Tloc           N/A          78%         2    ###....
b - Conjure Flame         Conj/Fire      #.......     89%         3    ####...


Dungeon Overview and Level Annotations

Branches:
Dungeon (11/15)            Temple (1/1) D:6            Lair (6/6) D:10
 Spider (0/4) Lair:4        Slime (0/5) Lair:5          Orc (2/2) D:10
    Elf (0/3) Orc:2
  Swamp: Lair:2-4    Shoals: Lair:2-4

Altars:
Ashenzari
Cheibriados
Dithmenos
Elyvilon
Fedhas
Gozag
Hepliaklqana
Kikubaaqudgha
Makhleb
Nemelex Xobeh
Okawaru
Qazlal
Ru
Sif Muna
Trog
Uskayaw
Vehumet
Wu Jian
Xom
Yredelemnul
Zin
The Shining One
Beogh
Jiyva

Shops:
D:5 =   D:9 =   Orc:2 ?%((

Annotations:
Lair:5 exclusion: 3 oklob plants


Innate Abilities, Weirdness & Mutations

You are completely covered in icy blue scales. (AC +4, rC+)
Your flesh is heat resistant. (rF+)
You regenerate health from kills.
You are immune to clouds of flame.


Message History

The 13-headed hydra bites you but does no damage.
The 13-headed hydra bites you!
* * * LOW HITPOINT WARNING * * *
You block the 13-headed hydra's attack. The 13-headed hydra bites you.
* * * LOW HITPOINT WARNING * * *
The 13-headed hydra bites you.
* * * LOW HITPOINT WARNING * * *
You block the 13-headed hydra's attack. The 13-headed hydra closely misses you.
The 13-headed hydra bites you but does no damage.
As you read the scroll of fear, it crumbles to dust.
You assume a fearsome visage.
The 13-headed hydra resists with some effort.
The wolf looks frightened! x2; The spriggan looks frightened! x2
The spriggan resists with some effort.
You block the spriggan's attack.
Cornered, the wolf turns to fight!
You block the 13-headed hydra's attack.
The 13-headed hydra completely misses you.
The 13-headed hydra bites you!
* * * LOW HITPOINT WARNING * * *
The 13-headed hydra bites you!
You die...

..........P.....##..##.....
...............##.....#....
...........P...P#...##.....
..........P..P.##÷.P.P.....
..........#...P###)........
...♣♣..........h#.......♣♣♣
.♣♣♣♣♣♣♣......(......♣♣♣♣
♣♣ ♣♣..........♣♣♣ ♣
♣♣.♣.P..@)♣♣ ♣♣♣....iDi♣♣
♣♣. ♣♣♣♣♣.(..♣♣♣♣♣♣♣....
♣♣♣♣h†i.ii......
♣♣♣♣♣h.....♣ ♣h.♣♣♣..♣
♣i..♣ . ♣i..♣♣ ♣...♣


You could see a 13-headed hydra, 3 spriggans and 2 wolves.

Vanquished Creatures
  Gastronok (D:8)
  A fire giant (Orc:1)
  Nessos (Lair:4)
  3 ettins (Orc:1)
  Fannar (D:10)
  A hydra (Lair:5)
  A death yak (D:11)
  A titan zombie (Orc:1)
  Urug (D:10)
  4 two-headed ogres
  3 orc high priests
  2 unseen horrors
  4 skeletal warriors (D:11)
  A lindwurm (Lair:3)
  Pikel (D:7)
  4 orc knights
  An ugly thing (D:11)
  A wolf spider (Lair:4)
  2 stone giant zombies (Orc:1)
  14 cyclopes
  4 black mambas
  Psyche (D:9)
  6 elephants (Lair:5)
  4 molten gargoyles
  2 gargoyles (D:11)
  13 spiny frogs
  The ghost of sergedm the Magician, a novice DEEE of Vehumet (D:5)
  A kobold demonologist (D:11)
  5 komodo dragons
  A jumping spider (Lair:4)
  6 polar bears
  7 hornets
  A troll (D:11)
  Grinder (D:2)
  19 blink frogs
  3 hippogriffs
  4 dream sheep (Lair:4)
  4 spriggans (Lair:6)
  A centaur simulacrum (D:11)
  55 yaks
  A wyvern (D:11)
  A redback (Lair:4)
  A basilisk (Lair:5)
  A hungry ghost (D:9)
  Grum (D:8)
  3 fire bats (Orc:1)
  Menkaure (D:4)
  4 wargs
  2 soldier ants (D:9)
  2 hell hounds (D:10)
  11 water moccasins
  5 porcupines
  3 ice beasts (D:11)
  33 orc warriors
  3 black bears
  2 sky beasts (D:10)
  14 ogres
  The ghost of nht the Chopper, an amateur HOGl of Ashenzari (D:3)
  5 phantoms
  2 boggarts (Lair:6)
  18 centaurs
  16 wolves
  8 crocodiles
  Blork the orc (D:5)
  A gnoll sergeant (D:8)
  19 bullfrogs
  A cyclops zombie (Orc:1)
  3 scorpions
  3 killer bees (D:10)
  7 wights
  7 crimson imps
  A lava snake (D:10)
  4 bullfrog zombies
  A centaur skeleton (D:11)
  13 orc priests
  A gnoll shaman (Orc:1)
  Crazy Yiuf (D:6)
  2 hounds
  3 bullfrog skeletons
  Jessica (D:3)
  Terence (D:3)
  2 iguanas
  13 orc wizards
  8 worker ants
  A killer bee zombie (D:9)
  A hound zombie (D:10)
  Robin (D:2)
  11 adders
  14 gnolls
  A hound simulacrum (D:11)
  2 shadow imps
  A white imp (D:11)
  A worker ant simulacrum (D:11)
  An ooze (D:4)
  2 adder zombies (D:7)
  An adder skeleton (D:10)
  A worm (D:3)
  3 dart slugs
  3 leopard geckos
  86 orcs
  7 giant cockroaches
  16 goblins
  9 hobgoblins
  8 jackals (D:1)
  4 quokkas
  A ball python zombie (D:5)
  7 bats
  3 frilled lizards
  A jackal zombie (D:5)
  10 kobolds
  A leopard gecko skeleton (D:4)
  2 leopard gecko zombies
  A quokka skeleton (D:7)
  10 rats
  A fungus (Lair:3)
  2 plants (Lair:3)
631 creatures vanquished.

Vanquished Creatures (others)
  A slave (D:7)
  3 fungi
  5 plants
9 creatures vanquished.

Grand Total: 640 creatures vanquished

Notes
Turn   | Place    | Note
-------+----------+-------------------------------------------
     0 | D:1      | Alarkh the Demonspawn Fighter began the quest for the Orb.
     0 | D:1      | Reached XP level 1. HP: 18/18 MP: 1/1
    11 | D:1      | Reached skill level 2 in Long Blades
    42 | D:1      | Gained mutation: You regenerate a little health from kills. [demonic ancestry]
    42 | D:1      | Reached XP level 2. HP: 16/24 MP: 2/2
   833 | D:1      | Reached XP level 3. HP: 26/29 MP: 3/3
  1476 | D:2      | Found a shattered altar of Ashenzari.
  1520 | D:2      | Noticed Robin
  1522 | D:2      | Found a white marble altar of Elyvilon.
  1528 | D:2      | Killed Robin
  1528 | D:2      | Gained mutation: You are partially covered in icy blue scales. (AC +2) [demonic ancestry]
  1528 | D:2      | Reached XP level 4. HP: 30/35 MP: 4/4
  1957 | D:2      | Reached skill level 3 in Long Blades
  1968 | D:2      | Reached skill level 1 in Dodging
  2100 | D:3      | Noticed Grinder
  2107 | D:3      | Paralysed by Grinder for 2 turns
  2319 | D:3      | Paralysed by Grinder for 4 turns
  2480 | D:3      | Paralysed by Grinder for 7 turns
  2719 | D:3      | Noticed Jessica
  2726 | D:3      | Killed Jessica
  2818 | D:3      | Gained mutation: You are mostly covered in icy blue scales. (AC +3) [demonic ancestry]
  2818 | D:3      | Reached XP level 5. HP: 41/41 MP: 5/5
  2945 | D:3      | Noticed Terence
  2957 | D:3      | Killed Terence
  3175 | D:3      | Noticed nht's ghost (amateur HOGl)
  3387 | D:2      | Paralysed by Grinder for 5 turns
  3396 | D:2      | Paralysed by Grinder for 6 turns
  3439 | D:2      | Paralysed by Grinder for 7 turns
  3451 | D:2      | Killed Grinder
  3451 | D:2      | Reached skill level 4 in Long Blades
  3451 | D:2      | Reached XP level 6. HP: 32/48 MP: 6/6
  3505 | D:3      | Killed nht's ghost
  3717 | D:4      | Gained mutation: You are completely covered in icy blue scales. (AC +4, rC+) [demonic ancestry]
  3717 | D:4      | Reached XP level 7. HP: 54/54 MP: 7/7
  4038 | D:4      | Noticed Menkaure
  4131 | D:4      | Killed Menkaure
  4131 | D:4      | Reached skill level 5 in Long Blades
  4304 | D:4      | Reached XP level 8. HP: 60/61 MP: 8/8
  4346 | D:5      | Entered Level 5 of the Dungeon
  4506 | D:5      | Noticed Blork the orc
  4534 | D:5      | Killed Blork the orc
  4711 | D:5      | Found Siuxtua's Jewellery Shop.
  4714 | D:5      | Bought an uncursed ring of flight for 245 gold pieces
  4746 | D:5      | Noticed sergedm's ghost (novice DEEE)
  4764 | D:5      | Killed sergedm's ghost
  4764 | D:5      | Reached skill level 5 in Fighting
  5027 | D:6      | Found a staircase to the Ecumenical Temple.
  5037 | Temple   | Entered the Ecumenical Temple
  5044 | Temple   | Became a worshipper of Warmaster Okawaru
  5116 | Temple   | Reached skill level 6 in Long Blades
  5259 | D:6      | Reached skill level 5 in Armour
  5259 | D:6      | Reached skill level 5 in Shields
  5915 | D:6      | Found a runed door.
  5919 | D:6      | Noticed Crazy Yiuf
  5945 | D:6      | Killed Crazy Yiuf
  6029 | D:6      | Reached * piety under Okawaru
  6029 | D:6      | Gained mutation: Your flesh is heat resistant. (rF+) [demonic ancestry]
  6029 | D:6      | Reached XP level 9. HP: 68/68 MP: 9/9
  6171 | D:7      | Noticed Pikel
  6510 | D:7      | Found a snail-covered altar of Cheibriados.
  6738 | D:7      | Killed Pikel
  6738 | D:7      | Reached ** piety under Okawaru
  6738 | D:7      | Reached skill level 7 in Long Blades
  6858 | D:7      | Got a tattered robe
  6869 | D:7      | Identified the cursed +1 robe of Vac Ifan {rPois rF+ SInv} (You found it on level 7 of the Dungeon)
  7152 | D:8      | Noticed Gastronok
  7427 | D:8      | Reached skill level 5 in Dodging
  7672 | D:8      | Noticed Grum
  7937 | D:8      | Killed Grum
  8097 | D:8      | Reached skill level 8 in Long Blades
  8243 | D:8      | Reached XP level 10. HP: 76/76 MP: 10/10
  8634 | D:9      | Noticed Psyche
  8688 | D:9      | Reached *** piety under Okawaru
  9226 | D:9      | Reached **** piety under Okawaru
  9389 | D:9      | Found a stormy altar of Qazlal.
  9395 | D:9      | Found a glowing golden altar of the Shining One.
  9402 | D:9      | Found a sparkling altar of Nemelex Xobeh.
  9402 | D:9      | Found a burning altar of Makhleb.
  9402 | D:9      | Found a blossoming altar of Fedhas.
  9403 | D:9      | Found a deep blue altar of Sif Muna.
  9404 | D:9      | Found a glowing silver altar of Zin.
  9469 | D:9      | Reached skill level 9 in Long Blades
  9820 | D:8      | Noticed a two-headed ogre
 10102 | D:8      | Killed Gastronok
 10102 | D:8      | Reached ***** piety under Okawaru
 10102 | D:8      | Gained mutation: You regenerate health from kills. [demonic ancestry]
 10102 | D:8      | Reached XP level 11. HP: 34/84 MP: 8/11
 10278 | D:9      | Found Vagh's Jewellery Shoppe.
 10291 | D:9      | Killed Psyche
 10342 | D:10     | Entered Level 10 of the Dungeon
 10343 | D:10     | Noticed a two-headed ogre
 10356 | D:10     | Killed a two-headed ogre
 10409 | D:10     | Noticed an unseen horror
 10425 | D:10     | Found a staircase to the Lair.
 10476 | D:10     | Noticed Urug
 10546 | D:10     | Found a staircase to the Orcish Mines.
 10966 | D:10     | Noticed Fannar
 11216 | D:10     | Killed Fannar
 11216 | D:10     | Received a gift from Okawaru
 11216 | D:10     | Reached skill level 10 in Long Blades
 11325 | D:10     | Got a faintly humming scale mail {god gift}
 11336 | D:10     | Identified the +1 scale mail of Epiloc {rElec Int+4} (Okawaru gifted it to you on level 10 of the Dungeon)
 11477 | D:11     | Noticed a two-headed ogre
 11503 | D:11     | Killed a two-headed ogre
 12078 | D:11     | Noticed a red ugly thing
 12113 | D:11     | Killed a red ugly thing
 12224 | D:11     | Found a roughly hewn altar of Beogh.
 12224 | D:11     | Noticed an orc knight
 12552 | D:10     | Killed an orc knight
 12552 | D:10     | Reached XP level 12. HP: 70/94 MP: 12/12
 12739 | D:10     | Reached skill level 11 in Long Blades
 12976 | D:10     | Killed Urug
 13156 | D:10     | Noticed a two-headed ogre
 13171 | D:10     | Killed a two-headed ogre
 13609 | D:11     | Received a gift from Okawaru
 13610 | D:11     | Got a pitted scimitar {god gift}
 13611 | D:11     | Identified the +10 scimitar of Tirghuhe {slice, *Drain rElec rC+++ MR+} (Okawaru gifted it to you on level 11 of the Dungeon)
 14009 | D:11     | Noticed a death yak
 14025 | D:11     | Killed a death yak
 14479 | Lair:1   | Entered Level 1 of the Lair of Beasts
 14790 | Lair:1   | Reached skill level 12 in Long Blades
 14849 | Lair:1   | Reached XP level 13. HP: 102/102 MP: 13/13
 15376 | Lair:2   | Received a gift from Okawaru
 15518 | Orc:1    | Entered Level 1 of the Orcish Mines
 15969 | Orc:1    | Found a burning altar of Makhleb.
 16200 | Orc:1    | Noticed an ettin
 16395 | Orc:2    | Entered Level 2 of the Orcish Mines
 16407 | Orc:2    | Found a staircase to the Elven Halls.
 16583 | Orc:2    | Reached skill level 10 in Fighting
 16756 | Orc:2    | Received a gift from Okawaru
 17327 | Orc:2    | Found Temohes's Food Shop.
 17327 | Orc:2    | Found Teoclus's Weapon Shoppe.
 17329 | Orc:2    | Found Paschuass's Weapon Emporium.
 17331 | Orc:2    | Found Uxoesh's Magic Scroll Boutique.
 17343 | Orc:2    | Bought a scroll of blinking for 82 gold pieces
 17343 | Orc:2    | Bought a scroll of magic mapping for 38 gold pieces
 17343 | Orc:2    | Bought a scroll of identify for 22 gold pieces
 17343 | Orc:2    | Bought a scroll of enchant armour for 82 gold pieces
 17343 | Orc:2    | Bought a scroll of teleportation for 33 gold pieces
 17343 | Orc:2    | Bought a scroll of fear for 38 gold pieces
 17343 | Orc:2    | Bought a scroll of blinking for 82 gold pieces
 17343 | Orc:2    | Bought a scroll of identify for 22 gold pieces
 17383 | Orc:1    | Noticed an ettin
 17389 | Orc:1    | Killed an ettin
 17560 | Orc:1    | Killed an ettin
 17877 | Orc:1    | Reached skill level 13 in Long Blades
 17939 | Orc:1    | Noticed an ettin
 17942 | Orc:1    | Noticed a fire giant
 17972 | Orc:1    | Killed a fire giant
 17978 | Orc:1    | Killed an ettin
 18094 | Orc:1    | Gained mutation: You are immune to clouds of flame. [demonic ancestry]
 18094 | Orc:1    | Reached XP level 14. HP: 70/111 MP: 14/14
 18104 | Orc:1    | Received a gift from Okawaru
 18577 | Orc:1    | Got a bloodstained long sword
 18578 | Orc:1    | Identified the +1 long sword "Imyfayv" {elec, Fragile rC+ MR+ Int+6} (You found it on level 1 of the Orcish Mines)
 18740 | Lair:2   | Received a gift from Okawaru
 18872 | Lair:3   | Learned a level 2 spell: Blink
 18876 | Lair:3   | Learned a level 3 spell: Conjure Flame
 19115 | Lair:3   | Reached ****** piety under Okawaru
 19115 | Lair:3   | Reached skill level 10 in Armour
 19399 | Lair:3   | Reached skill level 1 in Spellcasting
 19751 | Lair:4   | Received a gift from Okawaru
 19752 | Lair:4   | Got a translucent helmet {god gift}
 19763 | Lair:4   | Identified the +3 helmet of Perfidy {rN+ Int+5} (Okawaru gifted it to you on level 4 of the Lair of Beasts)
 19838 | Lair:4   | Noticed Nessos
 19863 | Lair:4   | Reached skill level 1 in Conjurations
 19877 | Lair:4   | Killed Nessos
 20027 | Lair:4   | Found a hole to the Spider Nest.
 20069 | Lair:4   | Reached skill level 10 in Shields
 21294 | Lair:5   | Reached skill level 10 in Dodging
 21306 | Lair:5   | Reached skill level 14 in Long Blades
 21424 | Lair:5   | Found a staircase to the Slime Pits.
 21430 | Lair:5   | Found a viscous altar of Jiyva.
 21685 | Lair:6   | Entered Level 6 of the Lair of Beasts
 21689 | Lair:6   | Found an ornate altar of the Wu Jian Council.
 21940 | Lair:6   | Received a gift from Okawaru
 21974 | Lair:6   | Slain by a 13-headed hydra

Vault maps used:
D:1:      mrwooster_arrival_statue_3, supply_closet_lemuel
D:2:      grunt_temple_overflow_open, uniq_robin
D:3:      uniq_jessica, uniq_grinder, uniq_terence
D:4:      black_bear_nest_1, uniq_menkaure
D:5:      first_bread, serial_shops, kennysheep_mini, uniq_blork_the_orc
D:6:      minmay_temple_entry_overgrown, uniq_crazy_yiuf_cottage
D:7:      basic_altar, uniq_pikel
D:8:      uniq_grum, uniq_gastronok
D:9:      minitemple, serial_shops, nicolae_shop_trees,
          hangedman_pestilent_swarm, uniq_psyche
D:10:     minmay_lair_entry_lava, orc_david_3, abandoned_shop, hex_tiny,
          minivault_8, uniq_urug, uniq_fannar
D:11:     kennysheep_spiral_hall, serial_ice, serial_ice_l, serial_ice_a,
          serial_ice_g, serial_ice_h, serial_ice_b, serial_ice_o, special_room
Temple:   cyrus_circular_temple
Lair:2:   elwin_shoals_entry_rocks, hangedman_lair_unloving_vines,
          grunt_megastairs_1, uniq_nergalle
Lair:3:   grunt_megastairs_2, serial_bayou_shore_a
Lair:4:   spider_nest_entry_funnel_web, uniq_nessos
Lair:5:   slime_altar_1, grunt_megastairs_5, minmay_lair_oklob_chamber
Lair:6:   minmay_lair_end_enchanted_forest, basic_altar
Orc:1:    giant_chief_lemuel, basic_altar
Orc:2:    st_orc_rangers

Skill      XL: |  1  2  3  4  5  6  7  8  9 10 11 12 13 14 |
---------------+-------------------------------------------+-----
Long Blades    | 2 3 4 5 6 8 9 10 12 13 14 | 14.1
Armour         | 3 4 5 6 7 8 9 10 | 10.3
Shields        | 3 4 5 6 7 8 9 10 | 10.4
Dodging        | 1 2 3 4 5 6 7 8 9 10 | 10.0
Fighting       | 4 5 6 7 8 9 10 11 | 11.0
Spellcasting   | 3 |  3.0
Conjurations   | 2 |  2.9

Action                   |  1- 3 |  4- 6 |  7- 9 | 10-12 | 13-15 || total
-------------------------+-------+-------+-------+-------+-------++-------
Melee: Long sword        |   156 |   231 |   564 |  1189 |       ||  2140
       Scimitar          |       |       |       |   206 |   989 ||  1195
       Double sword      |       |       |       |       |    21 ||    21
Invok: Heroism           |       |       |     3 |    21 |    11 ||    35
       Finesse           |       |       |       |       |     3 ||     3
Evoke: Wand              |       |       |     4 |     3 |     5 ||    12
       Phantom mirror    |       |       |       |     1 |       ||     1
  Use: Potion            |     1 |     4 |     4 |     3 |     4 ||    16
       Scroll            |       |     4 |     8 |    14 |    14 ||    40
 Stab: Sleeping          |       |       |     4 |     4 |       ||     8
       Distracted        |       |       |       |     2 |       ||     2
       Paralysed         |       |       |       |       |    10 ||    10
  Eat: Chunk             |     2 |     6 |    17 |    19 |    24 ||    68
       Fruit             |       |       |       |     3 |       ||     3
       Bread ration      |       |       |       |     1 |       ||     1
Armor: Scale mail        |    66 |    42 |       |       |       ||   108
       Troll leather arm |       |    53 |   200 |   302 |   241 ||   796
       Skin              |       |     7 |       |       |       ||     7
       Robe              |       |       |    29 |       |       ||    29
Dodge: Dodged            |    36 |    84 |   236 |   545 |   457 ||  1358
Block: Shield            |    70 |   110 |   275 |   581 |   529 ||  1565
       Rpst.: Long sword |    18 |    21 |    53 |   141 |       ||   233
       Scimitar          |       |       |       |    18 |   105 ||   123
       Double sword      |       |       |       |       |     2 ||     2
